 Dungeon Crawl Stone Soup version 0.30.0-10-gfe55d96785 (webtiles) character file.

Game seed: 9796558141939075622

364 mdonais the Trooper (level 6, -9/71 HPs)
             Began as an Ogre Cinder Acolyte on May 14, 2023.
             Was a High Priest of Ignis.
             Mangled by Menkaure (18 damage)
             ... on level 4 of the Dungeon.
             The game lasted 00:14:15 (2606 turns).

mdonais the Trooper (Ogre Cinder Acolyte)           Turns: 2606, Time: 00:14:16

Health: -9/71      AC:  4    Str: 19    XL:     6   Next: 67%
Magic:  7/9        EV: 10    Int: 13    God:    Ignis [*****.]
Gold:   84         SH:  0    Dex: 15    Spells: 7/9 levels left

rFire   + + .        a - +5 dagger "Beyd" {heavy, rF+ Will+ Int-2 Dex+9}
rCold   + . .        (no shield)
rNeg    . . .        k - +0 robe
rPois   .            o - +0 hat
rElec   .            h - +0 cloak
rCorr   .            (gloves unavailable)
SInv    .            (boots unavailable)
Will    +....        (no amulet)
Stlth   +            c - ring of protection from cold
HPRegen 0.31/turn    (no ring)
MPRegen 0.11/turn

%: no passive effects
@: invisible
A: large, unfitting armour, tough skin 1
a: Renounce Religion, Fiery Armour, Foxfire Swarm, Rising Flame


You were on level 4 of the Dungeon.
You worshipped Ignis.
Ignis was extremely pleased with you.
You visited 1 branch of the dungeon, and saw 6 of its levels.
You also visited: Sewer.

You collected 84 gold pieces.

Inventory:

Hand Weapons
 a - the +5 dagger "Beyd" (weapon) {heavy, rF+ Will+ Int-2 Dex+9}
   (You found it on level 2 of the Dungeon)

   Int:       It affects your intelligence (-2).
   Dex:       It affects your dexterity (+9).
   rF:        It protects you from fire.
   Will:      It increases your willpower.
 b - a +0 sling
   (You found it on level 2 of the Dungeon)
 l - a +0 dagger of venom
   (You took it off a kobold in a sewer)
 s - a -1 mace of flaming
Missiles
 d - 16 poisoned darts (quivered)
 t - 2 boomerangs
Armour
 h - a +0 cloak (worn)
   (You found it on level 1 of the Dungeon)
 k - a +0 robe (worn)
 o - a +0 hat (worn)
   (You found it in a sewer)
Jewellery
 c - a ring of protection from cold (left hand)
   (You found it on level 1 of the Dungeon)
Scrolls
 g - a scroll of vulnerability {unknown}
 i - a scroll of torment {unknown}
 j - 2 scrolls of identify {unknown}
 n - a scroll of fear {unknown}
 p - a scroll of fog {unknown}
Potions
 e - a potion of heal wounds
 f - a potion of invisibility


   Skills:
 + Level 7.3 Fighting
 - Level 3.5 Maces & Flails
 - Level 3.0 Dodging
 - Level 2.0 Spellcasting
 - Level 2.6 Fire Magic


You had 7 spell levels left.
You knew the following spells:

 Your Spells              Type           Power      Damage    Failure   Level
a - Scorch                Fire           16%        2d5       13%         2

Your spell library contained the following spells:

 Spells                   Type           Power      Damage    Failure   Level
 Apportation              Tloc           2%         N/A       26%         1
 Freeze                   Ice            4%         1d3       26%         1
 Alistair's Intoxication  Tmut/Pois      0%         N/A       100%        5
 Ozocubu's Refrigeration  Ice            0%         4d7       100%        7


Dungeon Overview and Level Annotations

Branches:
Dungeon (6/15) Zot: 26963   Sewer (visited)
 Temple: D:4-7

Altars:

Shops:
D:2 :

Annotations:
D:4 Menkaure


Innate Abilities, Weirdness & Mutations

You are too large for most types of armour.
You have tough skin. (AC +1)


Message History

The kobold is severely wounded.
The kobold hits you but does no damage. The kobold hits you with a +0 club.
You take 1 damage, and have 64/71 hp.
You barely miss the kobold.
The kobold is heavily wounded.
The kobold is no longer more vulnerable to fire.
The kobold hits you with a +0 club.
You take 3 damage, and have 61/71 hp.
You barely miss the kobold.
The kobold is heavily wounded.
The kobold misses you. The kobold barely misses you.
You puncture the kobold!
You kill the kobold!
No target in view!
No target in view!
There is a large open door here.
Things that are here:
a +0 club; a kobold corpse
e - 2 amethyst potions (gained 1)
p - a scroll labelled IREOSADDOM Health restored: 71; MP restored: 9 Done exploring.
Done exploring.
There is a gate leading back out of this place here.
There is a large open door here.
Things that are here:
a +0 whip; 3 stones; a kobold corpse You see here a +0 short sword.
You enter the shallow water.
Search for what [Enter for "..", or ? for help]? .
There is a large open door here.
There is a gate leading back out of this place here.
Welcome back to the Dungeon!
There is a collapsed entrance here.
You see here a +0 whip.
You enter the shallow water.
You enter the shallow water.
You see here a quokka skeleton.
You enter the shallow water.
You enter the shallow water.
You enter the shallow water.
You enter the shallow water.
You enter the shallow water.
You enter the shallow water.
You see here a river rat skeleton.
Things that are here:
a +0 giant club; an ogre skeleton
There is a stone staircase leading up here.
You climb upwards.
There is a stone staircase leading down here.
No target in view!
Natasha, Servant of Life and Death comes into view.
Natasha hisses angrily.
Casting: Scorch (safe; 13% risk of failure)
Confirm with . or Enter, or press ? or * to list all spells.
Flames lash Natasha.
Natasha is heavily wounded.
Natasha's fire resistance burns away.
You hear a shout!
You now have 7/9 mp.
Casting: Scorch (safe; 13% risk of failure)
Confirm with . or Enter, or press ? or * to list all spells.
You miscast Scorch.
You are very lightly contaminated with residual magic.
Nothing appears to happen.
Natasha closely misses you.
You now have 5/9 mp.
Casting: Scorch (safe; 13% risk of failure)
Confirm with . or Enter, or press ? or * to list all spells.
Flames lash Natasha.
Natasha is burned terribly!
Natasha is severely wounded.
Natasha mumbles some strange words.
You now have 3/9 mp.
Casting: Scorch (safe; 13% risk of failure)
Confirm with . or Enter, or press ? or * to list all spells.
Flames lash the cerulean imp but do no damage.
Natasha claws you.
You take 1 damage, and have 70/71 hp.
You now have 1/9 mp.
Casting: Scorch (safe; 13% risk of failure)
Confirm with . or Enter, or press ? or * to list all spells.
You don't have enough magic to cast this spell.
You puncture Natasha!
You kill Natasha!
Natasha screams in pain as she dies!
The cerulean imp disappears in a puff of smoke!
Training target 3.0 for Dodging reached!
Your Dodging skill increases to level 3!
Unknown command.
Menkaure, Prince of Dust comes into view.
Menkaure moves out of view.
A kobold comes into view. It is wielding a +0 dagger.
The kobold shouts!
You see here the felid corpse of Natasha.
Health restored: 71 You hit the kobold.
You kill the kobold!
Your magical contamination has completely faded away.
Menkaure shouts!
You hear an angry hiss.
An iguana comes into view.
You see here the felid corpse of Natasha.
Throw: 17 darts (poison)
Press: ? - help, Q - select action, (/) - cycle Shift-Dir - straight line, f - iguana
Aim: an iguana (65% to hit)
You throw a poisoned dart.
The poisoned dart closely misses the iguana.
You barely miss the iguana. The iguana misses you.
You barely miss the iguana. The iguana bites you. The iguana bites you!
You take 14 damage, and have 57/71 hp.
Casting: Scorch (safe; 13% risk of failure)
Confirm with . or Enter, or press ? or * to list all spells.
Flames lash Menkaure.
Menkaure is burned terribly!
Menkaure is moderately damaged.
Menkaure's fire resistance burns away.
Menkaure mumbles some strange words.
Menkaure seems to speed up.
The iguana barely misses you.
You now have 1/9 mp.
You closely miss the iguana. The iguana bites you!
You take 12 damage, and have 46/71 hp.
You fade into invisibility!
The iguana barely misses you. Menkaure hits you!
You take 14 damage, and have 32/71 hp.
You catch the helpless iguana completely off-guard!
You puncture the iguana!
The iguana is heavily wounded.
Menkaure closely misses you.
Menkaure gestures at you while chanting.
You resist with some effort.
Casting: Scorch (safe; 13% risk of failure)
Confirm with . or Enter, or press ? or * to list all spells.
Flames lash Menkaure.
Menkaure is burned terribly!
Menkaure is heavily damaged.
Menkaure hits you!
* * * LOW HITPOINT WARNING * * *
The iguana barely misses you.
You take 15 damage, and have 18/71 hp.
MASSIVE DAMAGE!!
You now have 0/9 mp.
It was a potion of magic.
Magic courses through your body. Menkaure barely misses you.
The iguana bites you!
* * * LOW HITPOINT WARNING * * *
You take 11 damage, and have 7/71 hp.
MP restored: 9 It was a potion of heal wounds.
You feel much better. Menkaure hits you!!
* * * LOW HITPOINT WARNING * * *
The iguana bites you but does no damage.
You regained 2 hp, and now have 9/71 hp.
Casting: Scorch (safe; 13% risk of failure)
Confirm with . or Enter, or press ? or * to list all spells.
Flames lash Menkaure.
Menkaure is burned terribly!
Menkaure is heavily damaged.
Menkaure hums a few words.
Menkaure hits you!!
You die...

##.......##
#.........#
#(.......#
#.....)..#
..#....##†##
.....#.#..#
.........##
........l##
#...#...M@#
..# ##..>##
. #####


You could see Menkaure (fast, combustible) and an iguana (unable to see you).

Vanquished Creatures
  An ogre (D:5)
  2 kobold brigands (Sewer)
  Natasha (D:4)
  2 adders
  A river rat (D:5)
  3 worms
  4 dart slugs (D:1)
  An orc (D:6)
  3 ball pythons
  6 bats
  5 endoplasms
  8 giant cockroaches
  4 goblins
  3 hobgoblins (D:1)
  2 jackals (D:2)
  13 kobolds
  A quokka (D:5)
  3 frilled lizards
  5 rats
68 creatures vanquished.

Notes
Turn   | Place    | Note
-------+----------+-------------------------------------------
     0 | D:1      | mdonais the Ogre Cinder Acolyte began the quest for the
                  | Orb.
     0 | D:1      | Reached XP level 1. HP: 24/24 MP: 2/2
   148 | D:1      | Reached XP level 2. HP: 30/33 MP: 3/3
   397 | D:1      | Reached XP level 3. HP: 30/40 MP: 4/4
   406 | D:1      | Learned a level 2 spell: Scorch
   849 | D:2      | Found Nekhupal's Book Boutique.
   938 | D:2      | Reached skill level 5 in Fighting
  1273 | D:2      | Found a faded altar of an unknown god.
  1333 | D:2      | Identified the +5 dagger "Beyd" {heavy, rF+ Will+ Int-2
                  | Dex+9}
  1483 | D:3      | Got the Verses on Quantum Graupel
  1539 | D:3      | You fall into a shaft and drop 3 floors!
  1561 | D:6      | Reached XP level 4. HP: 47/50 MP: 5/5
  1565 | D:6      | Noticed a sky beast
  1577 | D:5      | Entered Level 5 of the Dungeon
  1609 | D:5      | Noticed an ogre
  1615 | D:5      | Killed an ogre
  1616 | D:5      | Reached skill level 1 in Dodging
  1616 | D:5      | Reached XP level 5. HP: 59/59 MP: 1/8
  1640 | D:5      | Reached skill level 6 in Fighting
  1724 | D:5      | Found a glowing drain.
  1729 | Sewer    | Entered a sewer
  1882 | Sewer    | Noticed a kobold brigand
  1882 | Sewer    | Noticed a kobold brigand
  1896 | Sewer    | Killed a kobold brigand
  1897 | Sewer    | Reached XP level 6. HP: 46/68 MP: 4/9
  1902 | Sewer    | Reached skill level 7 in Fighting
  1913 | Sewer    | HP: 3/71 [poisoned by a kobold]
  2578 | D:4      | Noticed Natasha
  2583 | D:4      | Killed Natasha
  2584 | D:4      | Noticed Menkaure
  2606 | D:4      | Mangled by Menkaure

Illustrated notes

Levels and vault maps discovered:
D:1:      saegor_arrival_simple_e, layout_basic
D:2:      layout_rooms, shapermc_ecumenical_altar_gd, serial_shops,
          nicolae_shop_advertising_works [nicolae_subvault_shop_adworks]
D:3:      layout_basic
D:4:      layout_cave_pools, tgw_trog, minmay_temple_entry_offerings,
          kennysheep_pointless_box, minmay_door_square,
          minmay_stone_trees_small, uniq_natasha, uniq_menkaure, uniq_duvessa
D:5:      layout_layer_cave, gup_sewer_entry_spiral, serial_demonic,
          serial_demonic_g, serial_demonic_c, serial_demonic_f,
          serial_demonic_g, serial_demonic_f, serial_demonic_e,
          nrook_pool_corridor, uniq_prince_ribbit1
D:6:      minmay_polygon_palace, layout_basic

Skill      XL: |  1  2  3  4  5  6 |
---------------+-------------------+-----
Maces & Flails | 3 |  3.5
Fighting       | 5 6 7 |  7.3
Dodging        | 1 2 3 |  3.0
Spellcasting   | 2 |  2.0
Fire Magic     | |  2.6

Action                     |  1- 3 |  4- 6 || total
---------------------------+-------+-------++-------
  Melee: Whip              |   112 |       ||   112
         Mace              |    14 |       ||    14
         Punch             |     1 |     1 ||     2
         Dagger            |     4 |    62 ||    66
   Fire: Sling             |     8 |     5 ||    13
  Throw: Dart              |       |     1 ||     1
   Cast: Scorch            |     5 |    22 ||    27
    Use: Scroll            |       |     4 ||     4
         Potion            |       |     4 ||     4
   Stab: Sleeping          |       |     1 ||     1
         Invisible         |       |     1 ||     1
 Armour: Robe              |    42 |    21 ||    63
  Dodge: Dodged            |    46 |    47 ||    93
